 Dungeon Crawl Stone Soup version 0.29-a0-1033-gb6c65ffae6 (webtiles) character file.

Game seed: 11169180428769761122

91 tatocazan the Trooper (level 4, -4/35 HPs)
             Began as a Demonspawn Fighter on Aug 15, 2022.
             Killed from afar by an orc wizard (7 damage)
             ... with a magic dart
             ... on level 3 of the Dungeon.
             The game lasted 00:01:58 (1956 turns).

tatocazan the Trooper (Demonspawn Fighter)          Turns: 1956, Time: 00:01:59

Health: -4/35      AC:  8    Str: 18    XL:     4   Next: 34%
Magic:  4/4        EV:  9    Int: 10    God:
Gold:   163        SH:  4    Dex: 12    Spells: 3/3 levels left

rFire   . . .      SeeInvis .   a - +0 war axe
rCold   . . .      Faith    .   c - +0 buckler
rNeg    . . .      Spirit   .   b - +0 scale mail
rPois   .          Reflect  .   (helmet restricted)
rElec   .          Harm     .   f - +0 cloak
rCorr   .          Rampage  .   (no gloves)
Will    .....                   (no boots)
Stlth   ..........              (no amulet)
HPRegen 0.11/turn               (no ring)
MPRegen 0.09/turn               (no ring)

@: no status effects
A: antennae 1, spiny 1
a: no special abilities


You were on level 3 of the Dungeon.
You visited 1 branch of the dungeon, and saw 3 of its levels.

You collected 163 gold pieces.

Inventory:

Hand Weapons
 a - a +0 war axe (weapon)
Armour
 b - a +0 scale mail (worn)
 c - a +0 buckler (worn)
 f - a +0 cloak (worn)
Jewellery
 q - a ring of magical power
Wands
 p - a wand of roots (7)
Scrolls
 h - a scroll of enchant armour {unknown}
 i - a scroll of vulnerability {unknown}
 k - 4 scrolls of identify {unknown}
 m - 2 scrolls of silence {unknown}
 o - a scroll of noise {unknown}
 r - a scroll of fog {unknown}
Potions
 d - a potion of might
 e - 2 potions of mutation {unknown}
 g - a potion of brilliance {unknown}
 j - 2 potions of curing {unknown}
 l - 3 potions of haste {unknown}
 n - a potion of attraction {unknown}


   Skills:
 + Level 3.5 Fighting
 * Level 2.8 Axes
 + Level 3.2 Armour
 + Level 3.2 Shields


You had 3 spell levels left.
You didn't know any spells.
Your spell library contained the following spells:

 Spells                   Type           Power      Damage    Failure   Level
 Ensorcelled Hibernation  Hex/Ice        0%         N/A       93%         2
 Ozocubu's Armour         Ice            0%         N/A       99%         3
 Spider Form              Tmut/Pois      0%         N/A       99%         3
 Anguish                  Hex/Necr       0%         N/A       100%        4
 Metabolic Englaciation   Hex/Ice        0%         N/A       100%        5
 Simulacrum               Ice/Necr       0%         N/A       100%        6


Dungeon Overview and Level Annotations

Branches:
Dungeon (3/15)

Altars:


Innate Abilities, Weirdness & Mutations

You have a pair of small antennae on your head.
You are partially covered in sharp spines.


Message History

You slash the orc wizard!
The orc wizard is severely wounded.
The orc is struck by your spines.
The orc hits you with a +0 vampiric morningstar.
* * * LOW HITPOINT WARNING * * *
The orc draws strength from your wounds!
The orc wizard hits you but does no damage.
The orc barely misses you.
You take 6 damage, and have 4/35 hp.
You barely miss the orc wizard.
The orc wizard is severely wounded.
You hit the orc. You hit the orc but do no damage.
The orc is struck by your spines. The orc hits you with a +0 whip.
* * * LOW HITPOINT WARNING * * *
The orc closely misses you. The orc wizard casts a spell at you.
The puff of flame hits you.
* * * LOW HITPOINT WARNING * * *
The orc barely misses you. You block the orc's attack.
The orc wizard is struck by your spines.
The orc wizard hits you but does no damage.
You take 2 damage, and have 2/35 hp.
You barely miss the orc wizard.
The orc wizard is almost dead.
You hit the orc.
You kill the orc!
You closely miss the orc. The jackal is struck by your spines.
The jackal bites you but does no damage.
The orc wizard hits you but does no damage.
The orc hits you but does no damage.
The orc wizard is struck by your spines.
The orc wizard barely misses you. The jackal is struck by your spines.
You kill the jackal!
You hit the orc wizard but do no damage.
The orc wizard is almost dead.
You barely miss the orc wizard.
The orc wizard is almost dead.
The orc wizard gestures at you while chanting.
The magic dart hits you!
You die...

#. . .. .# ##
#.###.## . .
#.#.... .#
...###.#.#.##.##
......)#.#......
#..h.†)...#.#
#.#.##h##.#.# ..
#o@....# #.
####.### #
##.######
#.......#
#.##<##.# #.
#.##.# .. ..##.#
#..#####.# #..
#.#


You could see an orc wizard and a jackal.

Vanquished Creatures
  An orc wizard (D:3)
  Robin (D:2)
  An adder (D:2)
  2 orcs (D:3)
  3 ball pythons
  5 endoplasms
  5 giant cockroaches
  9 goblins
  4 hobgoblins (D:2)
  A jackal (D:3)
  A kobold (D:2)
  2 bats
  3 frilled lizards (D:2)
  A rat (D:1)
39 creatures vanquished.

Vanquished Creatures (others)
  3 toadstools (D:2)
3 creatures vanquished.

Grand Total: 42 creatures vanquished

Notes
Turn   | Place    | Note
-------+----------+-------------------------------------------
     0 | D:1      | tatocazan the Demonspawn Fighter began the quest for the
                  | Orb.
     0 | D:1      | Reached XP level 1. HP: 18/18 MP: 1/1
   384 | D:1      | Gained mutation: You are partially covered in sharp spines.
                  | [demonic ancestry]
   384 | D:1      | Reached XP level 2. HP: 11/24 MP: 2/2
   773 | D:1      | Found a faded altar of an unknown god.
  1348 | D:2      | Reached XP level 3. HP: 28/29 MP: 3/3
  1642 | D:2      | Noticed Robin
  1648 | D:2      | Killed Robin
  1946 | D:3      | Gained mutation: You have a pair of small antennae on your
                  | head. [demonic ancestry]
  1946 | D:3      | Reached XP level 4. HP: 17/35 MP: 4/4
  1956 | D:3      | Killed from afar by an orc wizard

Illustrated notes

Levels and vault maps discovered:
D:1:      lemuel_arrival_lava_pool, layout_loops_cross,
          hellmonk_ecumenical_altar_pennies_from_heaven
D:2:      layout_loops_ring, minmay_gold_behind_fungi, chequers_jeans,
          uniq_robin
D:3:      layout_loops_cross, gammafunk_temple_overflow_wave,
          gup_sewer_entry_bowl, serial_shops, shop

Skill      XL: |  1  2 |
---------------+-------+-----
Axes           | 2 |  2.8
Shields        | 3 |  3.2
Armour         | 3 |  3.2
Fighting       | |  3.5

Action                   |  1- 3 |  4- 6 || total
-------------------------+-------+-------++-------
Melee: War axe           |    68 |     7 ||    75
Armor: Scale mail        |    41 |     6 ||    47
Dodge: Dodged            |    21 |     4 ||    25
Block: Buckler           |    15 |     1 ||    16

Table legend: (Time is in decaauts)
 A = Elapsed time spent in this place.
 B = Non-inter-level travel time spent in this place.
 C = Inter-level travel time spent in this place.
 D = Time resting spent in this place.
 E = Time spent auto-exploring this place.
 F = Levels seen in this place.
 G = Mean time per level.
                   A        B        C        D        E       F      G
               +--------+--------+--------+--------+--------+-----+--------+
         Total |   1988 |   1963 |     25 |    527 |   1210 |   3 |  662.7 |
       Dungeon |   1988 |   1963 |     25 |    527 |   1210 |   3 |  662.7 |
               +--------+--------+--------+--------+--------+-----+--------+

Top non-repeatable levels by time:
     D:1: 1198 daAuts
     D:2: 750 daAuts
     D:3: 39 daAuts
